 Dungeon Crawl Stone Soup version 0.18-a0-50-g7dfd161 (webtiles) character file.

321 HAWKINGL3623 the Charmwright (level 6, -3/41 HPs)
             Began as a High Elf Skald on Nov 4, 2015.
             Was a Follower of Vehumet.
             Slain by a gnoll (8 damage)
             ... on level 3 of the Dungeon on Dec 1, 2016.
             The game lasted 00:25:43 (4616 turns).

HAWKINGL3623 the Charmwright (High Elf Skald)       Turns: 4616, Time: 00:25:43

Health: -3/41      AC:  3    Str: 11    XL:     6   Next: 22%
Magic:  6/11       EV: 13    Int: 20    God:    Vehumet [*.....]
Gold:   9          SH:  0    Dex: 15    Spells: 3 memorised, 5 levels left

rFire  + . .     SeeInvis .     l - +2 short sword (venom)
rCold  . . .     Clarity  .     b - +0 leather armour
rNeg   . . .     SustAt   .     (no shield)
rPois  .         Gourm    .     (no helmet)
rElec  .         Spirit   .     (no cloak)
rCorr  .         Warding  .     (no gloves)
rMut   .         Stasis   .     (no boots)
MR     .....                    (no amulet)
Stlth  ++........               j - +5 ring of slaying
                                h - ring of protection from fire

@: infused, not resistant to hostile enchantments, unstealthy
A: hooves 1, clever 1, MP-powered wands
a: Renounce Religion


You were on level 3 of the Dungeon.
You worshipped Vehumet.
Vehumet was aware of your devotion.
You were not hungry.

You visited 1 branch of the dungeon, and saw 4 of its levels.

You collected 96 gold pieces.
You spent 87 gold pieces at shops.

Inventory:

Hand Weapons
 a - a +0 short sword
 l - a +2 short sword of venom (weapon)
Armour
 b - a +0 leather armour (worn)
Jewellery
 h - a ring of protection from fire (left hand)
 j - a +5 ring of slaying (right hand)
Scrolls
 e - 2 scrolls of teleportation
 f - a scroll of fog
 i - a scroll of recharging
Books
 c - a book of Battle

   Spells                             Type                      Level
   a - Infusion                       Charms                       1
   b - Shroud of Golubria             Charms/Translocation         2
   c - Song of Slaying                Charms                       2
   d - Spectral Weapon                Hexes/Charms                 3
   e - Regeneration                   Charms/Necromancy            3
Comestibles
 d - 3 bread rations
 g - 4 meat rations
 k - a slice of pizza


   Skills:
 + Level 2.6 Fighting
 + Level 3.2 Short Blades
 + Level 3.1 Armour
 + Level 3.2 Dodging
 + Level 2.1 Stealth
 + Level 2.9 Spellcasting
 + Level 4.4 Charms
 + Level 0.7 Translocations


You had 5 spell levels left.
You knew the following spells:

 Your Spells              Type           Power        Failure   Level  Hunger
a - Infusion              Chrm           ###...       3%          1    None
b - Shroud of Golubria    Chrm/Tloc      ##........   12%         2    ##.....
c - Song of Slaying       Chrm           ###.....     6%          2    ##.....


Dungeon Overview and Level Annotations

Branches:
Dungeon (4/15)
 Temple: D:4-7

Altars:
Ashenzari
Cheibriados
Fedhas
Kikubaaqudgha
Vehumet
Yredelemnul

Shops:
D:4 (=[


Innate Abilities, Weirdness & Mutations

You have large cloven feet.
Your mind is acute. (Int +2)
You expend magic power (3 MP) to strengthen your wands.


Message History

The gnoll hits you from afar with a spear!
* * * LOW HITPOINT WARNING * * *
The gnoll closely misses you. x2
The gnoll hits you but does no damage. The gnoll completely misses you.
The gnoll hits you.
* * * LOW HITPOINT WARNING * * *
The gnoll hits you with a club.
* * * LOW HITPOINT WARNING * * *
You climb upwards.
There is a stone staircase leading down here.
You hit the gnoll.
You kill the gnoll!
Vehumet accepts your kill.
Your Stealth skill increases to level 2!
You kill the gnoll!
Vehumet accepts your kill.
You can now gain magical power from killing.
Vehumet offers you knowledge of Freeze. The gnoll hits you!
You die...

### ### ### #.###.#############
#.######## #...#...%.........#
#......... ##.#.#.###########.#
#.######## ###..#.#.# #....#
#.###.#......# .....#.#.# #.##.#
#.#...#.#....# ###..#.#.#
#.##)###'#..........#
#..#.#'####.##.).........#.####
#..#.........)@...........<...#
#..#.........g...............##
#.............................#
#.......(........#'#..........#
#.........(.(......#..........#
#..................#..........#
#.............(....#..........#
#..#........##.....#...........
##..##...###+##.....#...........


You could see a gnoll.

Vanquished Creatures
  The ghost of crawdingle the Charlatan, an amateur SpAr (D:3)
  A scorpion (D:4)
  Ijyb (D:2)
  Jessica (D:2)
  A hound (D:4)
  2 gnolls (D:3)
  3 adders
  2 worms
  10 giant geckos
  An orc (D:3)
  3 giant cockroaches (D:3)
  4 hobgoblins
  2 quokkas
  10 bats
  4 giant newts
  4 goblins
  9 kobolds
  A quokka skeleton (D:4)
  11 rats
71 creatures vanquished.

Vanquished Creatures (others)
  A worm (D:2)
1 creature vanquished.

Grand Total: 72 creatures vanquished

Notes
Turn   | Place    | Note
--------------------------------------------------------------
     0 | D:1      | HAWKINGL3623 the High Elf Skald began the quest for the Orb.
     0 | D:1      | Reached XP level 1. HP: 14/14 MP: 4/4
   141 | D:1      | Reached skill level 1 in Armour
   599 | D:1      | Reached XP level 2. HP: 19/19 MP: 6/6
   604 | D:1      | Reached skill level 4 in Charms
  1155 | D:2      | Noticed Ijyb
  1158 | D:2      | Found a radiant altar of Vehumet.
  1181 | D:2      | Killed Ijyb
  1181 | D:2      | Reached XP level 3. HP: 8/24 MP: 0/7
  1185 | D:2      | Learned a level 2 spell: Shroud of Golubria
  1188 | D:2      | Learned a level 2 spell: Song of Slaying
  1396 | D:2      | Became a worshipper of Vehumet
  1801 | D:2      | Noticed Jessica
  1841 | D:2      | Killed Jessica
  1841 | D:2      | Reached XP level 4. HP: 10/29 MP: 2/8
  2317 | D:2      | Found a snail-covered altar of Cheibriados.
  2480 | D:3      | Upgraded the game from 0.18-a0-25-g5abf10f to 0.18-a0-50-g7dfd161
  2480 | D:3      | Found an ancient bone altar of Kikubaaqudgha.
  2568 | D:3      | Noticed crawdingle's ghost (amateur SpAr)
  2585 | D:3      | Killed crawdingle's ghost
  2585 | D:3      | Reached skill level 1 in Stealth
  2585 | D:3      | Reached XP level 5. HP: 15/35 MP: 3/10
  3176 | D:3      | Found a shattered altar of Ashenzari.
  3201 | D:3      | Gained mutation: Your mind is acute. (Int +2) [potion of mutation]
  3201 | D:3      | Gained mutation: You have large cloven feet. [potion of mutation]
  3201 | D:3      | Gained mutation: You expend magic power (3 MP) to strengthen your wands. [potion of mutation]
  4124 | D:4      | Found Zofoq's Jewellery Boutique.
  4207 | D:4      | Found Marrouq's Antique Armour Emporium.
  4260 | D:4      | Found a basalt altar of Yredelemnul.
  4261 | D:4      | Found a blossoming altar of Fedhas.
  4333 | D:4      | Found Sipauqonn's Antique Weapon Shop.
  4341 | D:4      | Bought a glowing short sword for 87 gold pieces
  4367 | D:4      | Reached XP level 6. HP: 29/41 MP: 6/11
  4616 | D:3      | Reached * piety under Vehumet
  4616 | D:3      | Offered knowledge of Freeze by Vehumet.
  4616 | D:3      | Slain by a gnoll

Vault maps used:
D:1:      erik_arrival_cave_to_civilisation, serial_forest,
          infiniplex_forest_zigzag_2, infiniplex_forest_clump_curved,
          infiniplex_forest_clump_diagonal, infiniplex_forest_clump_small,
          infiniplex_forest_pool, infiniplex_forest_lined_1,
          infiniplex_forest_lined_room_3, hangedman_feature_mirror,
          fountainhead, grunt_decor_one_mirror
D:2:      nemelex_altar_shiori, cheibriados_altar_wand_db, lemuel_doored_altar,
          first_bread, grunt_ministairs_9, uniq_crazy_yiuf_cottage,
          uniq_jessica, uniq_iyjb
D:3:      overflow_temple_1_default, portal_sewer_entry_f, ashenzari_altar_1
D:4:      gammafunk_temple_overflow_pools, serial_shops, shop_coins, shop, shop,
          shop, shop_fountains, uniq_edmund, uniq_duvessa

Action                   |  1- 3 |  4- 6 || total
-------------------------+-------+-------++-------
Melee: Short sword       |   143 |   189 ||   332
       Unarmed           |    21 |       ||    21
 Cast: Infusion          |     4 |     7 ||    11
       Shroud of Golubri |     3 |     3 ||     6
       Song of Slaying   |     2 |       ||     2
  Use: Scroll            |     9 |     5 ||    14
       Potion            |     2 |     2 ||     4
 Stab: Sleeping          |       |     3 ||     3
  Eat: Fruit             |     3 |       ||     3
       Beef jerky        |     1 |       ||     1
       Bread ration      |       |     1 ||     1
       Chunk             |       |     4 ||     4
